Map: Abyssal Reef LE

Players

Zanster

  • Race: Zerg Zerg
  • Spawn Location: 11:00

Has - Winner!

  • Race: Protoss Protoss
  • Spawn Location: 5:00

Event: WCS Montreal 2017

VOD

Have the link to the VOD?

Description

Time

  • Played on: Sept. 8, 2017, 6:52 p.m.
  • Length: 22:19

All games in this series

Show
View Real Time Build Order
Export as new Build Order

Zanster Zerg 

Build Orders: Hatch First 

Get SALT Encoding   

  12  0:00  Drone  
  13  0:13  Overlord  
  13  0:16  Drone  
  14  0:31  Drone  
  14  0:32  Drone  
  14  0:35  Drone  
  17  0:55  Drone, Hatchery  
  17  0:59  Drone  
  18  1:09  Extractor  
  17  1:14  Spawning Pool  
  17  1:17  Drone  
  17  1:20  Drone  
  18  1:29  Drone  
  19  1:39  Drone  
  20  1:51  Overlord  
  20  2:01  Queen  
  22  2:09  Zergling x2  
  22  2:10  Metabolic Boost, Zergling x2  
  24  2:22  Zergling x2  
  25  2:24  Drone  
  25  2:27  Zergling x2  
  27  2:38  Hatchery  
  27  2:40  Evolution Chamber  
  27  2:44  Drone x2  
  27  2:54  Overlord  
  27  2:56  Zergling x6  
  30  3:17  Queen  
  30  3:18  Drone x4  
  35  3:26  Overlord  
  35  3:39  Drone  
  35  3:51  Drone x4  
  35  3:52  Drone  
  40  3:58  Spore Crawler  
  40  4:02  Zerg Melee Weapons Level 1  
  38  4:03  Spore Crawler, Drone  
  38  4:06  Zergling x2  
  37  4:13  Queen  
  37  4:15  Zergling x2  
  37  4:16  Zergling x2  
  41  4:23  Overlord  
  41  4:25  Drone  
  41  4:28  Drone  
  42  4:36  Drone x2  
  43  4:39  Overlord  
  43  4:47  Drone  
  43  4:48  Drone  
  45  4:55  Overlord  
  45  5:04  Zergling x8  
  49  5:10  Hatchery, Zergling x2  
  49  5:12  Queen  
  50  5:17  Zergling x8  
  54  5:22  Baneling Nest  
  54  5:26  Overlord  
  53  5:34  Queen  
  53  5:39  Drone x3  
  53  5:43  Overlord  
  53  5:48  Queen  
  55  5:52  Spore Crawler  
  54  6:00  Drone x5  
  54  6:01  Drone  
  54  6:03  Drone  
  60  6:11  Zerg Ground Armor Level 1  
  60  6:12  Overlord  
  60  6:13  Lair  
  60  6:17  Drone x3  
  63  6:19  Drone  
  63  6:22  Overlord  
  63  6:24  Drone  
  65  6:32  Extractor  
  62  6:33  Extractor  
  62  6:34  Extractor  
  62  6:35  Drone x5  
  62  6:37  Drone  
  64  6:42  Queen  
  64  6:44  Drone x2  
  64  6:45  Drone  
  69  6:48  Drone  
  69  6:53  Drone  
  69  6:54  Drone  
  71  6:55  Drone  
  71  6:56  Overlord  
  71  7:03  Drone x3  
  76  7:13  Queen  
  76  7:14  Queen, Infestation Pit  
  79  7:16  Overlord, Drone  
  79  7:19  Drone  
  79  7:20  Drone x3  
  83  7:24  Drone  
  83  7:25  Drone x3  
  84  7:30  Queen  
  84  7:33  Spore Crawler, Drone  
  84  7:34  Drone x4  
  90  7:40  Zergling x8  
  90  7:43  Zergling x6  
  90  7:44  Zergling x2  
  98  7:49  Overlord  
  98  7:55  Pathogen Glands  
  95  8:01  Queen  
  95  8:02  Spore Crawler  
  95  8:05  Zerg Melee Weapons Level 2  
  95  8:06  Burrow  
  95  8:09  Drone  
  95  8:10  Extractor, Drone  
  95  8:11  Extractor  
  95  8:14  Overlord  
  95  8:15  Drone x2  
  95  8:17  Hatchery  
  95  8:19  Zergling x2  
  96  8:20  Zergling x10  
  96  8:25  Overlord  
  102  8:27  Zergling x4  
  102  8:30  Spore Crawler x2  
  102  8:32  Spore Crawler  
  100  8:35  Infestor x2  
  100  8:36  Infestor  
  106  8:42  Queen  
  106  8:45  Drone  
  106  8:46  Drone x2  
  92  8:58  Drone  
  92  8:59  Infestation Pit, Drone x7  
  92  9:00  Drone  
  92  9:01  Drone  
  101  9:03  Drone  
  101  9:09  Overlord  
  101  9:20  Drone x4  
  103  9:31  Zergling x10  
  101  9:40  Zergling x6  
  101  9:44  Hatchery  
  99  9:46  Hatchery  
  98  9:55  Hive  
  98  9:57  Infestor x5  
  107  10:11  Drone x7  
  114  10:18  Overlord  
  114  10:19  Zergling x2  
  114  10:20  Spore Crawler  
  114  10:23  Spore Crawler, Spire  
  100  10:48  Queen x2  
  100  10:49  Infestor x4  
  87  10:51  Zergling x10  
  69  11:06  Drone  
  69  11:07  Drone x5  
  69  11:09  Queen  
  77  11:12  Drone x4  
  77  11:17  Drone  
  82  11:21  Infestor  
  82  11:22  Spore Crawler, Infestor  
  82  11:23  Infestor  
  82  11:24  Queen  
  89  11:29  Spore Crawler  
  89  11:31  Drone x2  
  89  11:33  Drone x4  
  89  11:38  Spore Crawler  
  89  11:39  Spore Crawler  
  91  11:41  Spore Crawler  
  91  11:42  Spore Crawler, Zergling x2  
  91  11:43  Spore Crawler, Zergling x2  
  88  11:56  Infestor x2  
  88  12:01  Drone x10  
  86  12:14  Drone x6  
  90  12:15  Spore Crawler  
  90  12:21  Spore Crawler, Infestor  
  90  12:22  Infestor  
  92  12:25  Drone x4  
  92  12:26  Spore Crawler  
  95  12:31  Infestor  
  97  12:40  Spore Crawler, Drone x7  
  105  12:45  Drone  
  105  12:46  Drone  
  105  12:49  Infestor  
  109  12:55  Drone x2  
  107  13:10  Infestor x2  
  107  13:11  Infestor  
  112  13:12  Drone  
  112  13:13  Drone x5  
  112  13:16  Spore Crawler, Drone x2  
  112  13:17  Drone x3  
  112  13:18  Spore Crawler  
  112  13:19  Spore Crawler  
  119  13:20  Spore Crawler x2  
  119  13:21  Spore Crawler  
  119  13:22  Drone  
  119  13:23  Drone x2, Infestor x2  
  123  13:33  Neural Parasite  
  123  13:39  Drone x6  
  123  13:41  Spore Crawler x2  
  128  13:42  Spore Crawler  
  126  13:50  Zerg Flyer Armor Level 1  
  126  13:53  Zergling x4  
  126  13:54  Zergling x14  
  135  13:57  Overlord  
  128  14:14  Drone  
  128  14:15  Extractor  
  128  14:17  Extractor  
  126  14:23  Overlord  
  125  14:25  Spire  
  125  14:27  Corruptor x5  
  125  14:29  Drone  
  125  14:30  Extractor, Drone x8  
  125  14:31  Extractor  
  141  14:34  Overlord, Hatchery  
  141  14:36  Infestor  
  140  14:49  Corruptor x2  
  142  15:03  Corruptor  
  142  15:04  Corruptor  
  144  15:09  Corruptor  
  144  15:11  Overlord  
  144  15:12  Extractor  
  145  15:14  Spore Crawler  
  145  15:15  Spore Crawler  
  145  15:16  Spore Crawler, Extractor, Corruptor  
  141  15:22  Overlord  
  141  15:23  Corruptor  
  141  15:24  Corruptor  
  144  15:36  Spore Crawler x2, Hatchery  
  144  15:37  Spore Crawler  
  144  15:38  Spore Crawler x2  
  144  15:40  Queen  
  138  15:46  Corruptor x3  
  138  15:47  Corruptor x2  
  148  15:54  Overlord  
  125  16:18  Corruptor  
  125  16:19  Corruptor x5  
  125  16:26  Drone x11  
  126  16:33  Corruptor x2  
  126  16:38  Corruptor x2  
  126  16:44  Corruptor  
  126  16:50  Hatchery  
  126  16:53  Corruptor  
  119  16:57  Drone x3  
  121  17:04  Corruptor  
  121  17:05  Corruptor x2  
  125  17:11  Zerg Flyer Weapons Level 1  
  119  17:23  Infestor x2  
  119  17:32  Drone x4  
  119  17:34  Spore Crawler x2  
  119  17:35  Drone x10  
  119  17:36  Spore Crawler x3  
  128  17:41  Infestor  
  128  17:42  Infestor x2  
  134  17:47  Spore Crawler  
  134  17:48  Infestor  
  135  17:56  Infestor  
  135  17:57  Drone  
  135  17:58  Drone x7  
  145  18:01  Infestor  
  145  18:04  Zergling x2  
  145  18:05  Zergling x8  
  151  18:12  Zerg Ground Armor Level 2  
  151  18:15  Spore Crawler  
  151  18:16  Spore Crawler  
  151  18:17  Spore Crawler  
  151  18:18  Infestor x8  
  151  18:19  Drone x6  
  154  18:20  Drone  
  155  18:28  Extractor x2, Infestor x3  
  159  18:42  Drone  
  159  18:43  Drone x6  
  159  18:47  Spore Crawler  
  164  18:48  Spore Crawler  
  164  18:49  Extractor  
  164  18:50  Spore Crawler x2  
  164  18:51  Corruptor  
  164  18:52  Spore Crawler, Corruptor x2  
  164  18:53  Spore Crawler x3  
  155  18:57  Spore Crawler, Corruptor x4  
  157  19:14  Corruptor x3  
  157  19:15  Corruptor x3  
  163  19:23  Corruptor x2  
  160  19:37  Corruptor x3  
  149  19:55  Overlord x3  
  149  19:57  Overlord x3  
  141  20:20  Overlord  
  141  20:21  Overlord x2  
  134  20:29  Overseer  
  130  20:49  Hatchery  
  127  21:01  Overlord x5  
  125  21:10  Overlord x3  
  125  21:11  Pneumatized Carapace  
  115  21:19  Queen  
  117  21:26  Corruptor x6  
  125  21:45  Corruptor x3  
Show
View Real Time Build Order
Export as new Build Order

Has Protoss - Winner!

Build Orders: Phoenix Opening, Carriers 

Get SALT Encoding   

  12  0:00  Probe (Chrono Boost)  
  13  0:11  Probe (Chrono Boost)  
  14  0:18  Pylon  
  14  0:22  Probe (Chrono Boost)  
  15  0:36  Probe (Chrono Boost)  
  15  0:40  Gateway  
  16  0:47  Probe (Chrono Boost)  
  16  0:48  Assimilator  
  17  0:58  Probe (Chrono Boost)  
  17  1:04  Forge  
  18  1:08  Probe (Chrono Boost)  
  19  1:19  Probe (Chrono Boost)  
  20  1:29  Probe (Chrono Boost)  
  21  1:39  Pylon  
  22  1:40  Probe (Chrono Boost)  
  22  1:50  Probe (Chrono Boost)  
  22  1:52  Cybernetics Core  
  23  1:57  Photon Cannon  
  23  1:58  Photon Cannon  
  23  2:01  Probe (Chrono Boost)  
  24  2:11  Photon Cannon  
  24  2:14  Probe (Chrono Boost)  
  25  2:18  Assimilator  
  25  2:30  Stargate  
  25  2:32  Probe (Chrono Boost)  
  25  2:39  Adept (Chrono Boost)  
  25  2:43  Probe  
  28  2:55  Photon Cannon  
  28  2:56  Pylon  
  28  3:03  Mothership Core (Chrono Boost)  
  30  3:21  Probe (Chrono Boost)  
  31  3:32  Probe  
  31  3:33  Pylon  
  35  3:37  Phoenix (Chrono Boost)  
  34  3:44  Probe  
  34  3:56  Probe  
  35  4:09  Probe, Oracle (Chrono Boost)  
  38  4:21  Probe  
  39  4:27  Nexus  
  39  4:33  Probe  
  40  4:40  Oracle (Chrono Boost)  
  40  4:45  Probe  
  44  4:48  Pylon  
  44  4:57  Probe  
  45  5:04  Nexus  
  45  5:09  Probe (Chrono Boost)  
  45  5:11  Pylon  
  46  5:20  Probe (Chrono Boost)  
  46  5:21  Assimilator  
  47  5:24  Assimilator  
  47  5:31  Probe (Chrono Boost)  
  48  5:41  Probe (Chrono Boost)  
  50  5:42  Probe (Chrono Boost)  
  50  5:47  Oracle  
  53  5:52  Probe (Chrono Boost)  
  53  5:53  Probe (Chrono Boost)  
  55  6:00  Stargate  
  55  6:02  Probe (Chrono Boost)  
  55  6:03  Probe (Chrono Boost)  
  55  6:04  Stargate  
  57  6:13  Stargate, Probe (Chrono Boost)  
  57  6:15  Probe (Chrono Boost)  
  57  6:16  Probe (Chrono Boost)  
  60  6:24  Probe (Chrono Boost)  
  61  6:25  Pylon  
  61  6:26  Probe (Chrono Boost)  
  61  6:27  Probe (Chrono Boost)  
  63  6:34  Probe (Chrono Boost)  
  63  6:37  Probe (Chrono Boost)  
  63  6:38  Probe (Chrono Boost)  
  63  6:39  Oracle  
  63  6:45  Probe (Chrono Boost), Assimilator  
  67  6:47  Probe (Chrono Boost)  
  67  6:49  Probe (Chrono Boost), Assimilator  
  67  6:53  Pylon  
  69  6:55  Probe (Chrono Boost)  
  69  6:58  Probe (Chrono Boost)  
  69  6:59  Probe (Chrono Boost)  
  72  7:04  Oracle (Chrono Boost)  
  72  7:06  Probe (Chrono Boost)  
  72  7:08  Probe (Chrono Boost), Oracle (Chrono Boost)  
  80  7:10  Probe (Chrono Boost)  
  81  7:16  Probe (Chrono Boost)  
  81  7:19  Probe, Oracle (Chrono Boost)  
  81  7:20  Probe  
  81  7:21  Oracle (Chrono Boost)  
  90  7:28  Probe, Pylon  
  91  7:31  Probe  
  91  7:32  Pylon  
  92  7:40  Probe x2  
  92  7:41  Oracle (Chrono Boost)  
  92  7:42  Oracle (Chrono Boost)  
  100  7:45  Forge  
  100  7:50  Photon Cannon  
  100  7:53  Oracle (Chrono Boost)  
  103  8:00  Nexus  
  103  8:02  Probe  
  103  8:03  Probe, Pylon  
  103  8:04  Pylon  
  105  8:06  Probe  
  105  8:10  Oracle (Chrono Boost)  
  109  8:15  Probe  
  109  8:19  Oracle x2 (Chrono Boost)  
  116  8:23  Probe  
  116  8:24  Probe  
  118  8:29  Oracle (Chrono Boost)  
  118  8:30  Assimilator  
  118  8:33  Assimilator  
  121  8:37  Photon Cannon  
  121  8:39  Photon Cannon  
  121  8:41  Oracle (Chrono Boost)  
  124  8:44  Probe x3  
  127  8:55  Oracle (Chrono Boost)  
  130  8:58  Oracle (Chrono Boost)  
  130  9:01  Photon Cannon  
  133  9:03  Photon Cannon  
  133  9:05  Photon Cannon  
  133  9:11  Probe x3  
  130  9:20  Oracle (Chrono Boost)  
  130  9:23  Pylon x2  
  130  9:24  Pylon  
  132  9:26  Oracle (Chrono Boost)  
  131  9:36  Oracle (Chrono Boost)  
  134  9:45  Photon Cannon  
  134  9:47  Photon Cannon, Pylon  
  134  9:53  Photon Cannon  
  134  9:56  Photon Cannon  
  134  10:06  Photon Cannon  
  134  10:08  Photon Cannon  
  134  10:09  Photon Cannon  
  134  10:10  Photon Cannon  
  134  10:11  Probe  
  134  10:12  Probe x3  
  138  10:16  Protoss Air Weapons Level 1 (Chrono Boost)  
  138  10:21  Probe  
  138  10:24  Probe  
  140  10:36  Oracle  
  140  10:41  Oracle  
  137  10:45  Oracle  
  128  10:50  Oracle  
  128  10:53  Probe  
  128  10:54  Probe x2  
  128  10:55  Probe  
  132  11:07  Probe, Oracle  
  132  11:08  Probe x3  
  133  11:16  Stargate, Oracle x2  
  133  11:17  Stargate  
  139  11:18  Nexus  
  139  11:19  Fleet Beacon  
  139  11:20  Pylon x2  
  139  11:24  Pylon  
  139  11:25  Probe x3  
  144  11:26  Probe  
  144  11:31  Oracle  
  149  11:34  Pylon  
  149  11:37  Probe  
  149  11:38  Oracle  
  153  11:47  Oracle  
  153  11:52  Oracle  
  144  12:07  Oracle  
  138  12:09  Oracle  
  138  12:12  Protoss Air Weapons Level 2 (Chrono Boost)  
  138  12:15  Carrier x2 (Chrono Boost)  
  138  12:20  Photon Cannon x2  
  138  12:21  Photon Cannon  
  150  12:25  Carrier (Chrono Boost)  
  150  12:29  Photon Cannon x2  
  153  12:33  Graviton Catapult (Chrono Boost)  
  153  12:34  Assimilator  
  153  12:37  Assimilator  
  153  12:44  Photon Cannon  
  153  12:45  Carrier (Chrono Boost)  
  153  12:46  Photon Cannon  
  153  12:47  Photon Cannon  
  153  12:48  Photon Cannon  
  159  13:09  Carrier x2 (Chrono Boost)  
  177  13:53  Carrier (Chrono Boost)  
  183  13:56  Carrier (Chrono Boost)  
  189  14:08  Carrier x2 (Chrono Boost)  
  194  14:30  Carrier (Chrono Boost)  
  200  15:19  Protoss Air Weapons Level 3 (Chrono Boost)  
  200  15:36  Stargate  
  200  15:37  Stargate  
  200  15:40  Stargate  
  188  16:17  Carrier x2 (Chrono Boost)  
  135  16:36  Carrier (Chrono Boost)  
  132  16:41  Carrier (Chrono Boost)  
  144  16:51  Carrier (Chrono Boost)  
  150  17:04  Carrier (Chrono Boost)  
  150  17:07  Carrier x3 (Chrono Boost)  
  144  17:33  Void Ray (Chrono Boost)  
  152  17:39  Carrier (Chrono Boost)  
  156  17:53  Void Ray (Chrono Boost)  
  156  17:55  Protoss Air Armor Level 1  
  156  17:56  Void Ray (Chrono Boost)  
  152  18:12  Void Ray x2 (Chrono Boost)  
  160  18:23  Void Ray x2 (Chrono Boost)  
  160  18:25  Void Ray (Chrono Boost)  
  170  18:28  Void Ray (Chrono Boost)  
  172  18:34  Void Ray (Chrono Boost)  
  172  18:37  Void Ray (Chrono Boost)  
  169  18:49  Void Ray (Chrono Boost)  
  169  18:55  Void Ray (Chrono Boost)  
  181  19:01  Void Ray x2 (Chrono Boost)  
  189  19:08  Void Ray (Chrono Boost)  
  181  19:18  Void Ray (Chrono Boost)  
  181  19:23  Void Ray (Chrono Boost)  
  167  19:30  Void Ray (Chrono Boost)  
  167  19:34  Void Ray (Chrono Boost)  
  175  19:39  Void Ray (Chrono Boost)  
  175  19:40  Void Ray (Chrono Boost)  
  175  20:02  Void Ray (Chrono Boost)  
  179  20:16  Void Ray (Chrono Boost)  
  179  20:18  Void Ray x2 (Chrono Boost)  
  187  21:24  Void Ray x2 (Chrono Boost)  
  199  21:30  Void Ray (Chrono Boost)  
Tags
 
Add a new tag
Caveats
  • Supply blocks, unpowered buildings, or Contaminate may cause inaccurate times.
  • Supply counts are checked every 10 seconds.